 Dungeon Crawl Stone Soup version 0.21.1-1-g345015f (webtiles) character file.

1505 tidbits the Sneak (level 8, 58/58 HPs)
             Began as a Gnoll Enchanter on June 16, 2018.
             Quit the game on level 3 of the Dungeon.
             The game lasted 00:19:49 (1672 turns).

tidbits the Sneak (Gnoll Enchanter)                 Turns: 1672, Time: 00:19:50

Health: 58/58      AC:  3    Str: 10    XL:     8   Next: 82%
Magic:  17/17      EV: 18    Int: 15    God:
Gold:   109        SH:  5    Dex: 28    Spells: 2/19 levels left

rFire    . . .     SeeInvis .   a - +1 dagger
rCold    . . .     Gourm    .   (no shield)
rNeg     + . .     Faith    .   b - +0 robe
rPois    +         Spirit   .   E - +0 helmet
rElec    .         Reflect  +   (no cloak)
rCorr    +         Harm     .   (no gloves)
MR       .....                  (no boots)
Stlth    ++++......             p - amulet "Hagyets" {Reflect rPois rN+ Int-4 Dex+7 SH+5}
HPRegen  0.19/turn              o - +4 ring of dexterity
MPRegen  0.15/turn              F - ring of resist corrosion

@: no status effects
A: distributed training, fangs 1, strong nose
a: no special abilities


You were on level 3 of the Dungeon.
You were hungry.

You visited 2 branches of the dungeon, and saw 8 of its levels.
You also visited: Ossuary.

You collected 109 gold pieces.

Inventory:

Hand Weapons
 a - a +1 dagger (weapon)
 e - a +1 vampiric dagger
   (You took it off a kobold on level 1 of the Dungeon)
 w - a +1 war axe of chopping
   (You found it on level 4 of the Dungeon)
 D - a +3 short sword
Missiles
 l - 5 tomahawks (quivered)
 x - 33 arrows
Armour
 b - a +0 robe (worn)
 E - a +0 helmet (worn)
Jewellery
 o - a +4 ring of dexterity (left hand)
   (You found it in an ossuary)
 p - the amulet "Hagyets" (around neck) {Reflect rPois rN+ Int-4 Dex+7 SH+5}
   (You found it on level 4 of the Dungeon)

   [amulet of reflection]

   It shields you and reflects attacks.
   It affects your intelligence (-4).
   It affects your dexterity (+7).
   It protects you from poison.
   It protects you from negative energy.
   It affects your SH (+5).
 y - an uncursed amulet of magic regeneration
   (You found it on level 6 of the Dungeon)
 F - a ring of resist corrosion (right hand)
   (You found it on level 7 of the Dungeon)
Wands
 f - a wand of iceblast (5)
Scrolls
 i - a scroll of enchant armour
 j - a scroll of teleportation
 k - 2 scrolls of amnesia
 m - 2 scrolls of fear {unknown}
 r - 3 scrolls of remove curse
 v - a scroll of summoning
 B - a scroll of blinking
Potions
 d - 2 potions of berserk rage
 h - a potion of degeneration {unknown}
 n - 3 potions of flight
 q - a potion of heal wounds {unknown}
 s - 3 potions of lignification {unknown}
 t - a potion of magic {unknown}
 u - a potion of haste {unknown}
 z - 2 potions of curing
 A - a potion of invisibility {unknown}
 H - a potion of resistance
 I - 2 potions of cancellation {unknown}
 J - a potion of might {unknown}
Books
 c - a book of Maledictions

   Spells                             Type                      Level
   a - Corona                         Hexes                        1
   b - Ensorcelled Hibernation        Hexes/Ice                    2
   c - Confuse                        Hexes                        3
   d - Tukima's Dance                 Hexes                        3
   e - Dazzling Spray                 Conjuration/Hexes            3
 g - a book of Changes
   (You found it on level 4 of the Dungeon)

   Spells                             Type                      Level
   a - Beastly Appendage              Transmutation                1
   b - Sticks to Snakes               Transmutation                2
   c - Spider Form                    Transmutation/Poison         3
   d - Ice Form                       Ice/Transmutation            4
   e - Blade Hands                    Transmutation                5
 G - a book of Necromancy
   (You found it on level 6 of the Dungeon)

   Spells                             Type                      Level
   a - Pain                           Necromancy                   1
   b - Animate Skeleton               Necromancy                   1
   c - Vampiric Draining              Necromancy                   3
   d - Regeneration                   Charms/Necromancy            3
   e - Animate Dead                   Necromancy                   4
   f - Borgnjor's Vile Clutch         Necromancy/Earth             5
Comestibles
 C - a ration


   Skills:
 + Level 3.5 Fighting
 + Level 4.4 Short Blades
 + Level 3.5 Long Blades
 + Level 3.5 Axes
 + Level 3.5 Maces & Flails
 + Level 3.5 Polearms
 + Level 3.5 Staves
 + Level 3.5 Slings
 + Level 3.5 Bows
 + Level 3.5 Crossbows
 + Level 3.5 Throwing
 + Level 3.5 Armour
 + Level 5.8 Dodging
 + Level 7.0 Stealth
 + Level 3.5 Shields
 + Level 3.5 Unarmed Combat
 + Level 6.2 Spellcasting
 + Level 2.9 Conjurations
 + Level 6.2 Hexes
 + Level 2.9 Charms
 + Level 2.9 Summonings
 + Level 2.9 Necromancy
 + Level 2.9 Translocations
 + Level 2.9 Transmutations
 + Level 2.9 Fire Magic
 + Level 2.9 Ice Magic
 + Level 2.9 Air Magic
 + Level 2.9 Earth Magic
 + Level 2.9 Poison Magic
 + Level 3.9 Invocations
 + Level 3.5 Evocations


You had 2 spell levels left.
You knew the following spells:

 Your Spells              Type           Power        Failure   Level  Hunger
a - Corona                Hex            ###....      1%          1    None
c - Confuse               Hex            ###.....     3%          3    ##.....
d - Dazzling Spray        Conj/Hex       ###...       7%          3    ##.....
e - Ensorcelled Hibernat  Hex/Ice        ###...       3%          2    #......
k - Sticks to Snakes      Tmut           ##......     7%          2    #......
p - Spider Form           Tmut/Pois      ##........   13%         3    ##.....
r - Regeneration          Chrm/Necr      ##........   13%         3    ##.....


Dungeon Overview and Level Annotations

Branches:
Dungeon (7/15)             Temple (1/1) D:5

Altars:
Elyvilon
Fedhas
Gozag
Hepliaklqana
Kikubaaqudgha
Okawaru
Qazlal
Ru
Vehumet
Xom
Zin


Innate Abilities, Weirdness & Mutations

Your experience applies equally to all skills.
You have very sharp teeth.
Your uncanny sense of smell can sniff out nearby items.


Message History

Wield which item (- for none, * to show all)? (? for menu, Esc to quit)
a - a +1 dagger (weapon)
Casting: Dazzling Spray
Confirm with . or Enter, or press ? or * to list all spells.
Aiming: Ensorcelled Hibernation
Press: ? - help, Shift-Dir - straight line, f - scorpion
Aim: a scorpion (chance to defeat MR: 49%)
The scorpion looks drowsy...
The helpless scorpion fails to defend itself.
You skewer the scorpion like a kebab!!!
You kill the scorpion!
The adder bites you.
You hit the adder.
The adder is lightly wounded.
The adder bites you but does no damage.
Casting: Ensorcelled Hibernation
Confirm with . or Enter, or press ? or * to list all spells.
Aiming: Ensorcelled Hibernation
Press: ? - help, Shift-Dir - straight line, f - adder
Aim: an adder (lightly wounded, chance to defeat MR: 57%)
The adder resists with significant effort.
The adder closely misses you. The adder misses you.
Casting: Ensorcelled Hibernation
Confirm with . or Enter, or press ? or * to list all spells.
Aiming: Ensorcelled Hibernation
Press: ? - help, Shift-Dir - straight line, f/p - adder
Aim: an adder (lightly wounded, chance to defeat MR: 57%)
The adder looks drowsy...
The helpless adder fails to defend itself.
You spit the adder like a pig!!!
You kill the adder!
You see here an adder corpse.
Found 10 gold pieces.
You see here 10 gold pieces.
You now have 109 gold pieces (gained 10).
A leopard gecko zombie comes into view.
Found 2 cyan potions.
Unknown command.
Casting: Ensorcelled Hibernation
Confirm with . or Enter, or press ? or * to list all spells.
Aiming: Confuse
Press: ? - help, Shift-Dir - straight line, f - leopard gecko zombie
Aim: a leopard gecko zombie (chance to defeat MR: 69%)
The leopard gecko zombie appears confused.
You see here 2 cyan potions.
You barely miss the leopard gecko zombie.
You hit the leopard gecko zombie. You bite the leopard gecko zombie.
The leopard gecko zombie is severely damaged.
You catch the helpless leopard gecko zombie completely off-guard!
You impale the leopard gecko zombie!!
You destroy the leopard gecko zombie!
I - 2 cyan potions A shadow imp comes into view.
The shadow imp shouts, "Scamper hence, thou impertinent milk-livered wormtrail!"
The shadow imp lashes its tail.
Casting: Confuse
Confirm with . or Enter, or press ? or * to list all spells.
Aiming: Confuse
Press: ? - help, Shift-Dir - straight line, f - shadow imp
Aim: a shadow imp (chance to defeat MR: 62%)
The shadow imp appears confused.
You strike the helpless shadow imp from behind!
You impale the shadow imp!!
You kill the shadow imp!
Found 14 stones.
Found a staircase to the Ecumenical Temple.
There is a staircase to the Ecumenical Temple here.
You climb downwards.
Welcome to the Ecumenical Temple!
Found six altars.
There is a staircase back to the Dungeon here.
Unknown command.
Found a sacrificial altar of Ru and a blossoming altar of Fedhas.
Unknown command.
Unknown command.
Unknown command.
Found a radiant altar of Vehumet.
Found an opulent altar of Gozag.
There is a staircase back to the Dungeon here.
You climb upwards.
Welcome back to the Dungeon!
There is a staircase to the Ecumenical Temple here.
Unknown command.
Found an escape hatch in the ceiling.
Unknown command.
There is an escape hatch in the ceiling here.
A mysterious force pulls you upwards. The hatch slams shut behind you.
Unknown command.
Found an escape hatch in the ceiling.
Found a scroll of identify.
Unknown command.
Found a glowing puce potion.
You see here a scroll of identify.
As you read the scroll of identify, it crumbles to dust.
v - a scroll of summoning You see here a glowing puce potion.
J - a glowing puce potion You are feeling hungry.
There is an escape hatch in the ceiling here.
A mysterious force pulls you upwards. The hatch slams shut behind you.
Unknown command.
Are you sure you want to abandon this character and quit the game? (Confirm with "yes".)

####### #.....#
#.###.# #.# #.#
#.###.############
...#.(.......†...#
#..#############.#
.......# #@#
....##.# #.# ....#
#.# ....# #.#
..#..# #.# >###.#
#.# ...#.# # .##.#
.#.# # #.####.##.#
.#.# #..).#.##.#


There were no monsters in sight!

Vanquished Creatures
  A necrophage (D:5)
  An ogre (D:4)
  A centaur (D:4)
  15 scorpions
  A howler monkey (D:4)
  2 bullfrog zombies (D:5)
  3 centaur zombies (Ossuary)
  A bullfrog skeleton (D:6)
  2 orc wizards
  2 worker ants
  A hound skeleton (D:4)
  4 mummies
  A worker ant zombie (D:7)
  2 adders
  3 gnolls (D:7)
  2 scorpion zombies (Ossuary)
  A shadow imp (D:5)
  An ooze (D:3)
  A worm (D:3)
  4 leopard geckos
  7 orcs
  2 giant cockroaches
  2 gnoll zombies (Ossuary)
  A hobgoblin (D:2)
  8 jackals
  3 bats
  2 frilled lizards (D:2)
  A goblin zombie (Ossuary)
  2 hobgoblin zombies (Ossuary)
  5 kobolds
  A kobold zombie (Ossuary)
  A leopard gecko zombie (D:5)
  4 orc zombies (Ossuary)
  3 rats
91 creatures vanquished.

Notes
Turn   | Place    | Note
-------+----------+-------------------------------------------
     0 | D:1      | tidbits the Gnoll Enchanter began the quest for the Orb.
     0 | D:1      | Reached XP level 1. HP: 13/13 MP: 6/6
   146 | D:2      | Reached XP level 2. HP: 17/19 MP: 3/7
   158 | D:2      | Learned a level 2 spell: Ensorcelled Hibernation
   333 | D:4      | Reached XP level 3. HP: 25/25 MP: 7/9
   344 | D:4      | Reached skill level 5 in Spellcasting
   347 | D:4      | Reached skill level 6 in Stealth
   347 | D:4      | Reached skill level 1 in Invocations
   352 | D:4      | Reached skill level 1 in Fighting
   352 | D:4      | Reached skill level 1 in Long Blades
   352 | D:4      | Reached skill level 1 in Axes
   352 | D:4      | Reached skill level 1 in Maces & Flails
   352 | D:4      | Reached skill level 1 in Polearms
   352 | D:4      | Reached skill level 1 in Staves
   352 | D:4      | Reached skill level 1 in Slings
   352 | D:4      | Reached skill level 1 in Bows
   352 | D:4      | Reached skill level 1 in Crossbows
   352 | D:4      | Reached skill level 1 in Throwing
   352 | D:4      | Reached skill level 1 in Armour
   352 | D:4      | Reached skill level 1 in Shields
   352 | D:4      | Reached skill level 1 in Unarmed Combat
   352 | D:4      | Reached skill level 1 in Evocations
   369 | D:3      | Noticed a scorpion
   371 | D:3      | Reached XP level 4. HP: 32/32 MP: 3/11
   392 | D:3      | Reached skill level 1 in Conjurations
   392 | D:3      | Reached skill level 1 in Charms
   392 | D:3      | Reached skill level 1 in Summonings
   392 | D:3      | Reached skill level 1 in Necromancy
   392 | D:3      | Reached skill level 1 in Translocations
   392 | D:3      | Reached skill level 1 in Transmutations
   392 | D:3      | Reached skill level 1 in Fire Magic
   392 | D:3      | Reached skill level 1 in Ice Magic
   392 | D:3      | Reached skill level 1 in Air Magic
   392 | D:3      | Reached skill level 1 in Earth Magic
   392 | D:3      | Reached skill level 1 in Poison Magic
   456 | D:4      | Got a warped bone amulet
   457 | D:4      | Identified the amulet "Hagyets" {Reflect rPois rN+ Int-4 Dex+7 SH+5} (You found it on level 4 of the Dungeon)
   462 | D:4      | Learned a level 3 spell: Confuse
   466 | D:4      | Learned a level 3 spell: Dazzling Spray
   473 | D:4      | Found Ceorr's Gadget Shop.
   494 | D:4      | Reached XP level 5. HP: 33/37 MP: 9/12
   539 | D:4      | Reached skill level 3 in Short Blades
   547 | D:4      | Found a sand-covered staircase.
   556 | D:4      | Learned a level 3 spell: Spider Form
   558 | Ossuary  | Entered an ossuary
   620 | Ossuary  | Reached skill level 2 in Invocations
   620 | Ossuary  | Reached XP level 6. HP: 36/44 MP: 2/13
   666 | Ossuary  | Reached skill level 5 in Dodging
   683 | Ossuary  | Reached skill level 2 in Fighting
   683 | Ossuary  | Reached skill level 2 in Long Blades
   683 | Ossuary  | Reached skill level 2 in Axes
   683 | Ossuary  | Reached skill level 2 in Maces & Flails
   683 | Ossuary  | Reached skill level 2 in Polearms
   683 | Ossuary  | Reached skill level 2 in Staves
   683 | Ossuary  | Reached skill level 2 in Slings
   683 | Ossuary  | Reached skill level 2 in Bows
   683 | Ossuary  | Reached skill level 2 in Crossbows
   683 | Ossuary  | Reached skill level 2 in Throwing
   683 | Ossuary  | Reached skill level 2 in Armour
   683 | Ossuary  | Reached skill level 2 in Shields
   683 | Ossuary  | Reached skill level 2 in Unarmed Combat
   683 | Ossuary  | Reached skill level 2 in Evocations
   747 | Ossuary  | Reached XP level 7. HP: 32/50 MP: 3/15
   791 | Ossuary  | Reached skill level 2 in Conjurations
   791 | Ossuary  | Reached skill level 2 in Charms
   791 | Ossuary  | Reached skill level 2 in Summonings
   791 | Ossuary  | Reached skill level 2 in Necromancy
   791 | Ossuary  | Reached skill level 2 in Translocations
   791 | Ossuary  | Reached skill level 2 in Transmutations
   791 | Ossuary  | Reached skill level 2 in Fire Magic
   791 | Ossuary  | Reached skill level 2 in Ice Magic
   791 | Ossuary  | Reached skill level 2 in Air Magic
   791 | Ossuary  | Reached skill level 2 in Earth Magic
   791 | Ossuary  | Reached skill level 2 in Poison Magic
   840 | Ossuary  | Reached skill level 3 in Invocations
   864 | Ossuary  | HP: 5/51 [mummy (8)]
   901 | Ossuary  | Reached XP level 8. HP: 26/57 MP: 10/16
   914 | Ossuary  | Reached skill level 6 in Hexes
   950 | Ossuary  | Reached skill level 4 in Short Blades
  1049 | D:4      | Reached skill level 3 in Fighting
  1049 | D:4      | Reached skill level 3 in Long Blades
  1049 | D:4      | Reached skill level 3 in Axes
  1049 | D:4      | Reached skill level 3 in Maces & Flails
  1049 | D:4      | Reached skill level 3 in Polearms
  1049 | D:4      | Reached skill level 3 in Staves
  1049 | D:4      | Reached skill level 3 in Slings
  1049 | D:4      | Reached skill level 3 in Bows
  1049 | D:4      | Reached skill level 3 in Crossbows
  1049 | D:4      | Reached skill level 3 in Throwing
  1049 | D:4      | Reached skill level 3 in Armour
  1049 | D:4      | Reached skill level 3 in Shields
  1049 | D:4      | Reached skill level 3 in Unarmed Combat
  1049 | D:4      | Reached skill level 3 in Evocations
  1055 | D:4      | Learned a level 2 spell: Sticks to Snakes
  1109 | D:4      | Reached skill level 6 in Spellcasting
  1149 | D:5      | Entered Level 5 of the Dungeon
  1185 | D:5      | Found a shimmering altar of Xom.
  1241 | D:5      | You fall through a shaft for 2 floors!
  1375 | D:6      | Learned a level 3 spell: Regeneration
  1427 | D:5      | Reached skill level 7 in Stealth
  1584 | D:5      | Found a staircase to the Ecumenical Temple.
  1593 | Temple   | Entered the Ecumenical Temple
  1672 | D:3      | Quit the game

Skill      XL: |  1  2  3  4  5  6  7  8 |
---------------+-------------------------+-----
Spellcasting   | 5 6 |  6.2
Stealth        | 6 7 |  7.0
Invocations    | 1 2 3 |  3.9
Fighting       | 1 2 3 |  3.5
Long Blades    | 1 2 3 |  3.5
Axes           | 1 2 3 |  3.5
Maces & Flails | 1 2 3 |  3.5
Polearms       | 1 2 3 |  3.5
Staves         | 1 2 3 |  3.5
Slings         | 1 2 3 |  3.5
Bows           | 1 2 3 |  3.5
Crossbows      | 1 2 3 |  3.5
Throwing       | 1 2 3 |  3.5
Armour         | 1 2 3 |  3.5
Shields        | 1 2 3 |  3.5
Unarmed Combat | 1 2 3 |  3.5
Evocations     | 1 2 3 |  3.5
Conjurations   | 1 2 |  2.9
Charms         | 1 2 |  2.9
Summonings     | 1 2 |  2.9
Necromancy     | 1 2 |  2.9
Translocations | 1 2 |  2.9
Transmutations | 1 2 |  2.9
Fire Magic     | 1 2 |  2.9
Ice Magic      | 1 2 |  2.9
Air Magic      | 1 2 |  2.9
Earth Magic    | 1 2 |  2.9
Poison Magic   | 1 2 |  2.9
Short Blades   | 3 4 |  4.4
Dodging        | 5 |  5.8
Hexes          | 6 |  6.2

Action                   |  1- 3 |  4- 6 |  7- 9 || total
-------------------------+-------+-------+-------++-------
Melee: Dagger            |    45 |    72 |    34 ||   151
       Bite              |     2 |    11 |     9 ||    22
       Unarmed           |       |    47 |    90 ||   137
       War axe           |       |       |    11 ||    11
Throw: Tomahawk          |       |     6 |     8 ||    14
 Cast: Corona            |    12 |     6 |     2 ||    20
       Ensorcelled Hiber |     6 |     4 |     9 ||    19
       Spider Form       |       |     3 |    10 ||    13
       Confuse           |       |       |    12 ||    12
       Dazzling Spray    |       |       |     3 ||     3
 Abil: End Transformatio |       |       |     3 ||     3
Evoke: Wand              |     1 |       |     1 ||     2
  Use: Scroll            |       |     4 |     6 ||    10
       Potion            |       |       |     4 ||     4
 Stab: Sleeping          |    11 |     7 |    15 ||    33
       Confused          |       |       |     4 ||     4
       Invisible         |       |       |     2 ||     2
  Eat: Ration            |     1 |     1 |       ||     2
       Chunk             |       |       |     3 ||     3
Armor: Robe              |     8 |     5 |     4 ||    17
Dodge: Dodged            |    32 |    83 |    86 ||   201
Block: Other             |       |     9 |    22 ||    31

Table legend:
 A = Turns spent in this place as a percentage of turns spent in the entire game.
 B = Non-inter-level travel turns spent in this place as a percentage of non-inter-level travel turns spent in the entire game.
 C = Inter-level travel turns spent in this place as a percentage of turns spent in this place.
 D = Turns resting spent in this place as a percentage of non-inter-level travel turns spent in this place.
 E = Turns spent auto-exploring this place as a percentage of non-inter-level travel turns spent in this place.
 F = Non-inter-level travel turns spent in this place divided by the number of levels of this place that you've seen.
                   A       B       C       D       E      F
               +-------+-------+-------+-------+-------+----------------------
         Total | 100.0 | 100.0 |   0.0 |   0.0 |   0.0 | 185.8
       Dungeon |  71.8 |  71.8 |   0.0 |   0.0 |   0.0 | 171.4
        Temple |   1.3 |   1.3 |   0.0 |   0.0 |   0.0 |  22.0
       Ossuary |  26.9 |  26.9 |   0.0 |   0.0 |   0.0 | 450.0
               +-------+-------+-------+-------+-------+----------------------

Table legend:
 A = Kills in this place as a percentage of kills in entire the game.
 B = Kills by you in this place as a percentage of kills by you in the entire game.
 C = Kills by friends in this place as a percentage of kills by friends in the entire game.
 D = Other kills in this place as a percentage of other kills in the entire game.
 E = Experience gained in this place as a percentage of experience gained in the entire game.
 F = Experience gained in this place divided by the number of levels of this place that you have seen.
                   A       B       C       D       E      F
               +-------+-------+-------+-------+-------+----------------------
         Total | 100.0 | 100.0 |   N/A | 100.0 | 100.0 | 239.0
       Dungeon |  67.0 |  66.7 |   N/A | 100.0 |  50.8 | 156.0
       Ossuary |  33.0 |  33.3 |   N/A |   0.0 |  49.2 | 1059.0
               +-------+-------+-------+-------+-------+----------------------

Vault maps used:
D:1:      sevenhm_arrival_forest_fort_small_3
D:2:      lightli_temple_of_fire, old_standard_altar, serial_park_tiny_1,
          uniq_natasha, uniq_crazy_yiuf_cottage, uniq_sigmund
D:4:      serial_shops, shop, first_ration, gup_ossuary_entry_pyramid
D:5:      tgw_xom, minmay_temple_entry_trees, serial_shops, shop,
          nrook_pool_corridor, uniq_grinder
D:7:      overflow_temple_1_default
Temple:   eino_temple_lava
Ossuary:  ossuary_minmay_scorpions
